AoeStats
← Suiram162

Nomad

509530779Analyzed
2v2 RM · 5d ago on Sep 27, 2026· 86m 43s· 4 players
Game mode
Random Map
Map size
176×176
Population
200
Speed
Normal
Resources
Standard
Victory
Conquest
Starting age
Dark Age
Ending age
Imperial Age
RankedLock teamsTeams togetherTeam positionsShared explorationLock speedFull tech treeHidden civsTurbo modeCheats
Victory
Defeat
🇩🇪 Britons · Germany
827
+17
🇺🇸 Huns · United States
824
+17
🇻🇪 Sicilians · Venezuela
855
-17
🇻🇪 Turks · Venezuela
837
-17
Suiram162
15:13 Feudal Age
14:41 Loom
15:54 Double-Bit Axe
15:51 Horse Collar
16:47 Wheelbarrow
17:48 Forging
17:40 Padded Archer Armor
17:48 Gold Mining
18:16 Fletching
20:18 Fishing Lines
22:23 Stone Mining
25:29 Castle Age
25:18 Forging
25:56 Arson
25:33 Man-at-Arms
25:58 Gambesons
26:28 Crossbowman
27:18 Squires
27:37 Long Swordsman
28:56 Hand Cart
29:26 Town Watch
30:26 Leather Archer Armor
29:53 Elite Skirmisher
33:35 Scale Mail Armor
34:46 Masonry
37:43 Murder Holes
37:34 Treadmill Crane
39:40 Heavy Plow
41:23 Bow Saw
43:04 Gold Shaft Mining
46:04 Bodkin Arrow
47:56 Iron Casting
47:36 Chain Mail Armor
49:15 Ballistics
51:05 Chain Mail Armor
58:03 Pikeman
61:47 Imperial Age
62:26 Two-Handed Swordsman
64:14 Blast Furnace
63:44 Plate Mail Armor
63:15 Bracer
63:46 Ring Archer Armor
66:47 Two-Man Saw
66:24 Architecture
66:56 Chemistry
66:02 Siege Engineers
66:40 Hoardings
66:29 Conscription
67:31 Elite Longbowman
69:15 Yeomen
70:46 Warwolf
71:25 Halberdier
74:54 Town Patrol
Barry McCocnher
13:34 Feudal Age
13:27 Loom
20:28 Castle Age
18:43 Forging
23:11 Double-Bit Axe
24:50 Thumb Ring
25:49 Light Cavalry
27:17 Fletching
31:55 Wheelbarrow
32:58 Bodkin Arrow
36:27 Imperial Age
35:51 Murder Holes
40:17 Gold Mining
41:12 Iron Casting
40:38 Bracer
41:33 Cavalier
44:22 Parthian Tactics
45:40 Blast Furnace
44:46 Scale Barding Armor
45:50 Ballistics
46:32 Paladin
48:23 Horse Collar
50:35 Chain Barding Armor
50:16 Padded Archer Armor
49:59 Heavy Cavalry Archer
53:09 Husbandry
53:19 Bloodlines
55:57 Parthian Tactics
57:02 Bow Saw
62:52 Elite Skirmisher
64:04 Marauders
66:36 Gold Shaft Mining
67:16 Two-Man Saw
68:37 Plate Barding Armor
68:03 Scale Mail Armor
68:18 Leather Archer Armor
69:34 Chemistry
71:10 Hussar
74:14 Conscription
75:03 Chain Mail Armor
83:45 Capped Ram
Andrew
3:43 Loom
18:58 Feudal Age
20:19 Wheelbarrow
19:50 Man-at-Arms
20:43 Double-Bit Axe
22:23 Arson
31:53 Castle Age
31:54 Forging
31:45 Scale Mail Armor
32:52 Long Swordsman
35:05 Squires
38:16 Hand Cart
40:15 Town Watch
43:08 Bow Saw
44:00 Horse Collar
53:04 Town Patrol
57:23 Gold Mining
57:25 Stone Mining
59:46 Gold Shaft Mining
59:05 Fishing Lines
60:40 Iron Casting
60:23 Chain Mail Armor
68:41 Imperial Age
68:47 Elite Janissary
72:32 Ballistics
72:00 Arrowslits
72:26 Masonry
71:53 Elite Janissary
72:55 Conscription
73:41 Padded Archer Armor
73:32 Fletching
74:43 Blast Furnace
74:16 Plate Mail Armor
78:30 Bodkin Arrow
78:50 Leather Archer Armor
81:31 Murder Holes
81:38 Murder Holes
82:30 Thumb Ring
83:57 Two-Handed Swordsman
85:18 Heated Shot
juan
5:58 Loom
13:43 Feudal Age
18:55 Scale Mail Armor
19:44 Forging
20:49 Double-Bit Axe
22:03 Fishing Lines
23:05 Horse Collar
24:17 Wheelbarrow
25:50 Fletching
28:05 Castle Age
28:58 Pikeman
30:17 Iron Casting
31:30 Chain Mail Armor
31:02 Gambesons
33:33 Hand Cart
33:04 Town Watch
35:01 Bow Saw
36:06 Elite Skirmisher
37:28 Bodkin Arrow
37:34 Padded Archer Armor
41:47 Leather Archer Armor
41:51 Heavy Plow
45:28 Imperial Age
43:29 Heated Shot
44:01 Ballistics
44:01 Squires
46:20 Gold Mining
46:33 Halberdier
47:45 Plate Mail Armor
48:44 Town Patrol
48:08 Onager
49:46 Siege Onager
50:57 Conscription
51:47 Chemistry
52:32 Masonry
52:26 Devotion
53:24 Cranequins
53:29 Heavy Mounted Crossbowman
55:13 Blast Furnace
54:14 Bracer
64:40 First Crusade
65:03 Elite Serjeant
65:51 Hauberk
72:48 Caravan
74:49 Coinage
78:32 Siege Engineers
79:11 Banking
79:43 Arson
84:51 Guilds
Connection lost

Rejoining the realm…

Still unreachable

The connection could not be restored.

Session expired

The server has moved on; the page needs a fresh start.